 Dungeon Crawl Stone Soup version 0.25-a0-875-geaba134f46 (webtiles) character file.

Game seed: 11244676841749767693, levelgen mode: deterministic

405 Hasart the Insei (level 6, -1/42 HPs)
             Began as an Octopode Transmuter on May 1, 2020.
             Killed from afar by an orc wizard (4 damage)
             ... with a magic dart
             ... on level 4 of the Dungeon.
             The game lasted 00:07:02 (3500 turns).

Hasart the Insei (Octopode Transmuter)              Turns: 3500, Time: 00:07:03

Health: -1/42      AC:  1    Str: 11    XL:     6   Next: 87%
Magic:  9/9        EV: 14    Int: 16    God:
Gold:   134        SH:  0    Dex: 12    Spells: 6/9 levels left

rFire    . . .     SeeInvis .     - Unarmed
rCold    . . .     Gourm    .   (no shield)
rNeg     . . .     Faith    .   (helmet restricted)
rPois    .         Spirit   .   (no amulet)
rElec    .         Reflect  .   (no ring)
rCorr    .         Harm     .   (no ring)
MR       .....                  (no ring)
Stlth    ++........             (no ring)
HPRegen  0.14/turn              (no ring)
MPRegen  0.11/turn              (no ring)
                                (no ring)
                                (no ring)

@: no status effects
A: almost no armour, stealthy swim, amphibious, 8 rings, constrict 8, camouflage
1, gelatinous body 1
a: no special abilities


You were on level 4 of the Dungeon.
You were not hungry.

You visited 1 branch of the dungeon, and saw 4 of its levels.

You collected 134 gold pieces.

Inventory:

Missiles
 a - 69 arrows
Scrolls
 e - 8 scrolls of identify {unknown}
 g - 2 scrolls of amnesia
 m - a scroll of magic mapping
 q - a scroll of fear {unknown}
 r - a scroll of teleportation
Potions
 b - a potion of brilliance {unknown}
 d - a potion of stabbing {unknown}
 f - 2 potions of magic {unknown}
 h - a potion of heal wounds {unknown}
 i - a potion of cancellation {unknown}
 j - 2 potions of lignification {unknown}
 k - a potion of flight {unknown}
 n - 3 potions of curing {unknown}
 o - a potion of mutation {unknown}
Comestibles
 c - 7 rations
 l - a chunk of flesh


   Skills:
 + Level 3.2 Fighting
 + Level 3.7 Dodging
 * Level 5.5 Unarmed Combat
 - Level 2.0 Spellcasting
 + Level 2.6 Transmutations


You had 6 spell levels left.
You knew the following spells:

 Your Spells              Type           Power        Failure   Level  Hunger
a - Beastly Appendage     Tmut           ##....       7%          1    #......
b - Sticks to Snakes      Tmut           ##......     11%         2    ###....

Your spell library contained the following spells:

 Spells                   Type           Power        Failure   Level  Hunger
 Passwall                 Tmut/Erth      #.......     19%         2    ###....
 Corona                   Hex            #......      21%         1    #......
 Sandblast                Erth           #.....       21%         1    #......
 Ensorcelled Hibernation  Hex/Ice        #.....       30%         2    ###....
 Spider Form              Tmut/Pois      #.........   36%         3    ###....
 Confusing Touch          Hex            #.......     52%         3    ###....
 Dazzling Flash           Conj/Hex       #.....       52%         3    ###....
 Stone Arrow              Conj/Erth      #.....       52%         3    ###....
 Tukima's Dance           Hex            #.......     52%         3    ###....
 Ice Form                 Ice/Tmut       #.......     77%         4    #####..
 Petrify                  Tmut/Erth      #.......     77%         4    #####..
 Blade Hands              Tmut           ##........   89%         5    ######.
 Lee's Rapid Deconstruct  Erth           #.........   99%         5    ######.


Dungeon Overview and Level Annotations

Branches:
Dungeon (4/15)
 Temple: D:4-7

Altars:


Innate Abilities, Weirdness & Mutations

You cannot wear most types of armour.
You are very stealthy in the water. (Stealth+)
You are amphibious.
You can wear up to eight rings at the same time.
You can use your tentacles to constrict eight enemies at once.
Your skin changes colour to match your surroundings (Stealth+).
Your rubbery body absorbs attacks. (AC +1, EV +1)


Message History

The orc wizard hits you but does no damage.
You tentacle-slap the orc wizard. Your grab misses the orc wizard.
Your tentacle-slap misses the orc wizard.
The orc wizard is almost dead.
You barely miss the orc wizard. Your grab misses the orc wizard.
You squeeze the orc wizard, but do no damage.
The orc wizard is almost dead.
The orc wizard casts a spell.
The orc wizard blinks!
Things that are here:
a +0 morningstar; a +0 ring mail; an orc corpse The orc wizard hits you with a +0 dagger.
* * * LOW HITPOINT WARNING * * *
Things that are here:
a +0 morningstar; a +0 ring mail; an orc corpse You closely miss the orc wizard.
Your grab misses the orc wizard.
The orc wizard is almost dead.
The orc wizard points at you and mumbles some strange words.
The magic dart hits you.
You die...

......### #.. #.#
.÷....... ..# #.#
.....#..# .. #.#
.....# . #.# #.#
..#..# .. #.#
..#..# #.## #.#
..#.(# #..# #.#
..# ## #.#
##.###### ..#
#.###@## #.......#
### #...o.)#
#..####.#
#..##..###..# #.#
#. ##...##..####.#
# #...)........÷#
#.......##..######
#.##.....#..# ..
#........# #
#..##.##.#


You could see an orc wizard.

Vanquished Creatures
  2 orc priests
  A bullfrog skeleton (D:4)
  An orc wizard (D:4)
  A centaur skeleton (D:4)
  Jessica (D:2)
  Terence (D:2)
  2 worker ants (D:4)
  5 adders
  A shadow imp (D:3)
  2 oozes (D:3)
  4 worms
  4 dart slugs
  2 leopard geckos (D:2)
  8 orcs
  3 bats
  5 giant cockroaches
  6 goblins
  6 hobgoblins
  3 jackals (D:2)
  10 kobolds
  3 quokkas
  2 ball pythons
  4 frilled lizards
  5 rats
82 creatures vanquished.

Vanquished Creatures (others)
  A plant (D:2)
1 creature vanquished.

Grand Total: 83 creatures vanquished

Notes
Turn   | Place    | Note
-------+----------+-------------------------------------------
     0 | D:1      | Hasart the Octopode Transmuter began the quest for the Orb.
     0 | D:1      | Reached XP level 1. HP: 13/13 MP: 3/3
   189 | D:1      | Reached XP level 2. HP: 15/18 MP: 5/5
   696 | D:2      | Reached XP level 3. HP: 18/23 MP: 6/6
  1021 | D:2      | Reached skill level 4 in Unarmed Combat
  1041 | D:2      | Reached XP level 4. HP: 25/29 MP: 7/7
  1120 | D:2      | Noticed Jessica
  1545 | D:2      | Killed Jessica
  1661 | D:2      | Noticed Terence
  1668 | D:2      | Killed Terence
  1668 | D:2      | Reached XP level 5. HP: 25/35 MP: 6/8
  2396 | D:3      | Learned a level 2 spell: Sticks to Snakes
  2444 | D:3      | Reached skill level 5 in Unarmed Combat
  2490 | D:3      | Reached XP level 6. HP: 37/41 MP: 9/9
  3500 | D:4      | Killed from afar by an orc wizard

Levels and vault maps discovered:
D:1:      dpeg_arrival_shelter, layout_basic, minmay_worlds_worst_comb
D:2:      layout_basic, first_ration, chequers_big_river, uniq_terence,
          uniq_jessica
D:3:      layout_rooms
D:4:      layout_basic, moated_statue, hangedman_abyss_or_decor_stagger

Skill      XL: |  1  2  3  4  5  6 |
---------------+-------------------+-----
Unarmed Combat | 4 5 |  5.5
Fighting       | 2 3 |  3.2
Dodging        | 3 |  3.7
Spellcasting   | |  2.0
Transmutations | |  2.6

Action                   |  1- 3 |  4- 6 || total
-------------------------+-------+-------++-------
Melee: Unarmed           |    68 |   153 ||   221
       Constrict         |    17 |    32 ||    49
       Tentacles         |    10 |    31 ||    41
       Kick              |       |     8 ||     8
       Punch             |       |     2 ||     2
 Cast: Beastly Appendage |     2 |     4 ||     6
  Use: Potion            |       |     2 ||     2
       Scroll            |       |     5 ||     5
 Stab: Sleeping          |     3 |     6 ||     9
       Distracted        |       |     1 ||     1
  Eat: Chunk             |       |     8 ||     8
Armor: Skin              |     7 |    11 ||    18
Dodge: Dodged            |    49 |    87 ||   136

Table legend:
 A = Non-vault XP
 B = Vault XP
 C = Vault XP percentage of total XP
 D = Non-vault monster count
 E = Vault monster count
 F = Vault count percentage of total count
                 A         B        C        D         E       F
            +---------+---------+-------+---------+---------+-------
      Total |     498 |      81 |  14.0 |      76 |       6 |   7.3
            +---------+---------+-------+---------+---------+-------
        D:1 |      24 |       8 |  25.0 |      13 |       4 |  23.5
        D:2 |     105 |      73 |  41.0 |      31 |       2 |   6.1
        D:3 |     112 |       0 |   0.0 |      19 |       0 |   0.0
        D:4 |     257 |       0 |   0.0 |      13 |       0 |   0.0
            +---------+---------+-------+---------+---------+-------
